 Dungeon Crawl Stone Soup version 0.18.1-6-gd335043 (webtiles) character file.

4258 deorigin the Bludgeoner (level 10, -3/92 HPs)
             Began as an Ogre Berserker on May 18, 2016.
             Was an Elder of Trog.
             Slain by a scorpion (5 damage)
             ... on level 9 of the Dungeon.
             The game lasted 00:27:24 (8816 turns).

deorigin the Bludgeoner (Ogre Berserker)            Turns: 8816, Time: 00:27:24

Health: -3/92      AC:  5    Str: 24    XL:     10   Next: 31%
Magic:  10/10      EV: 10    Int:  6    God:    Trog [****..]
Gold:   193        SH:  0    Dex: 12    Spells: 0 memorised, 9 levels left

rFire  . . .     SeeInvis .     x - +0 morningstar
rCold  . . .     Gourm    +     u - +0 troll leather armour {Purgy}
rNeg   . . .     Faith    .     (no shield)
rPois  .         Spirit   .     (helmet restricted)
rElec  .         Dismiss  .     (no cloak)
rCorr  .         Reflect  .     (gloves unavailable)
SustAt .         Harm     .     (boots unavailable)
MR     +....                    m - amulet of the gourmand
Stlth  +.........               (no ring)
                                (no ring)

@: lethally poisoned (-3 -> -6), somewhat resistant to hostile enchantments,
very unstealthy
A: unfitting armour, tough skin 1
a: Berserk, Trog's Hand, Brothers in Arms, Burn Spellbooks, Renounce Religion


You were on level 9 of the Dungeon.
You worshipped Trog.
Trog was greatly pleased with you.
You were completely stuffed.

You visited 1 branch of the dungeon, and saw 10 of its levels.

You collected 395 gold pieces.
You spent 202 gold pieces at shops.

Inventory:

Hand Weapons
 a - a +0 giant spiked club
 v - a +0 blowgun
 x - a +0 morningstar (weapon)
 G - a cursed -2 giant club
 I - a +0 giant spiked club
Missiles
 k - 4 tomahawks (quivered)
 l - 45 poisoned needles
 K - 6 javelins of returning
Armour
 b - a +0 animal skin
 u - a +0 troll leather armour (worn) {Purgy}
Jewellery
 i - an uncursed ring of wizardry {unknown}
 m - an amulet of the gourmand (around neck)
 B - an uncursed amulet of magic regeneration {unknown}
 C - an uncursed ring of resist corrosion {unknown}
Wands
 g - a wand of lightning (3/15)
 s - a wand of confusion (34/48)
 z - a wand of digging (18/24)
 D - a wand of confusion (21/48)
 L - a wand of teleportation (2/9)
 M - a wand of polymorph (13/24)
 N - a wand of disintegration (13/24)
Scrolls
 e - 3 scrolls of enchant armour
 h - 5 scrolls of teleportation {unknown}
 o - 2 scrolls of remove curse
 p - a scroll of acquirement
 y - 4 scrolls of recharging
 F - a scroll of fog {unknown}
 J - a scroll of enchant weapon {unknown}
 O - a scroll of holy word {unknown}
Potions
 d - 2 potions of heal wounds
 n - 3 potions of curing
 q - a potion of agility
 r - a potion of invisibility
 t - a potion of haste
 H - 2 potions of degeneration
Comestibles
 c - 10 bread rations
 f - a slice of pizza
 j - 3 beef jerkies
 w - 5 fruits
 A - 2 royal jellies
 E - a meat ration
 P - 6 chunks of flesh


   Skills:
 - Level 4.0 Fighting
 + Level 16.6 Maces & Flails
 + Level 4.8 Armour
 - Level 2.6 Dodging


You had 9 spell levels left.
You didn't know any spells.

Dungeon Overview and Level Annotations

Branches:
Dungeon (10/15)            Temple (0/1) D:6
   Lair: D:8-11         Orc: D:9-12

Altars:
Ashenzari
Dithmenos
Elyvilon
Fedhas
Makhleb
Nemelex Xobeh
Okawaru
Sif Muna
Trog
Xom
Yredelemnul
The Shining One

Shops:
D:5 **[[?


Innate Abilities, Weirdness & Mutations

You are too large for most types of armour.
You have tough skin (AC +1).


Message History

You feel sick.
The giant frog hits you but does no damage.
You hit the ice beast but do no damage.
The ice beast is almost dead.
You feel sick. The ice beast closely misses you. The scorpion stings you.
* * * LOW HITPOINT WARNING * * *
The giant frog hits you.
* * * LOW HITPOINT WARNING * * *
Your ogre goes berserk!
You feel somewhat less full.
You feel sick. The giant frog hits you!
* * * LOW HITPOINT WARNING * * *
The ice beast hits you but does no damage.
The scorpion closely misses you.
Unknown command.
You closely miss the ice beast.
The ice beast is almost dead.
* * * LOW HITPOINT WARNING * * *
You feel sick. The giant frog barely misses you.
The ice beast closely misses you. The scorpion stings you.
You die...

#.# #.................#
#.# #.................#
#.# #.................#
#.# #..........########
#.# ##### #.[..(.....#
#.# #...# #..........#
#.# #...# #..........#
#.# #...#
###..†Y......#########
#.# #...#
#....F@s.............#
#.###...#
#......O....########.#
........# #...........#
#.#
........###...........#
#.#
......................#
#.#
........###...........#
#.#
......................#
#.#
#####...##............#
#.# ######............#
#.#


You could see an ice beast, a giant frog, a scorpion and a friendly ogre
(berserk).

Vanquished Creatures
  Grinder (D:3)
  Prince Ribbit (D:5)
  A hippogriff (D:7)
  Menkaure (D:5)
  2 sky beasts
  Purgy (D:3)
  A black bear (D:6)
  An ice beast (D:7)
  A necrophage (D:7)
  3 phantoms
  An orc warrior (D:8)
  4 ogres
  A centaur (D:5)
  3 giant frogs
  3 scorpions
  4 wights (D:7)
  4 crimson imps
  A centaur zombie (D:8)
  2 centaur skeletons
  11 hounds
  2 jellies
  9 orc wizards
  2 orc priests
  Jessica (D:2)
  Terence (D:2)
  4 iguanas
  Natasha (twice) (D:2)
  7 worker ants
  A killer bee zombie (D:6)
  A hound zombie (D:6)
  A hound skeleton (D:4)
  Robin (D:3)
  3 worker ant zombies
  15 adders
  A shadow imp (D:7)
  2 oozes
  2 adder zombies
  A worm (D:3)
  A dart slug (D:3)
  7 giant geckos
  32 orcs
  3 ball pythons
  4 bats
  7 giant cockroaches
  14 goblins
  8 hobgoblins
  5 jackals
  8 kobolds
  2 quokkas
  5 giant newts
  A jackal zombie (D:6)
  A quokka skeleton (D:5)
  11 rats
212 creatures vanquished.

Vanquished Creatures (collateral kills)
  An orc warrior (D:9)
  A necrophage (D:9)
  An orc priest (D:9)
3 creatures vanquished.

Vanquished Creatures (others)
  5 sheep (D:4)
5 creatures vanquished.

Grand Total: 220 creatures vanquished

Notes
Turn   | Place    | Note
--------------------------------------------------------------
     0 | D:1      | deorigin the Ogre Berserker began the quest for the Orb.
     0 | D:1      | Reached XP level 1. HP: 24/24 MP: 1/1
   305 | D:1      | Reached XP level 2. HP: 32/32 MP: 2/2
   496 | D:1      | Reached skill level 5 in Maces & Flails
   896 | D:2      | Noticed Terence
   905 | D:2      | Reached XP level 3. HP: 37/39 MP: 3/3
   909 | D:2      | Killed Terence
   909 | D:2      | Reached ** piety under Trog
   909 | D:2      | Reached skill level 6 in Maces & Flails
   909 | D:2      | Reached XP level 4. HP: 42/48 MP: 4/4
  1135 | D:2      | Found a burning altar of Makhleb.
  1161 | D:2      | Reached skill level 7 in Maces & Flails
  1339 | D:2      | Noticed Jessica
  1364 | D:2      | Killed Jessica
  1364 | D:2      | Reached XP level 5. HP: 20/54 MP: 5/5
  1803 | D:2      | Noticed Natasha
  1814 | D:2      | Killed Natasha
  1814 | D:2      | Reached skill level 8 in Maces & Flails
  2074 | D:2      | Noticed Natasha
  2085 | D:2      | Killed Natasha
  2516 | D:3      | Noticed Grinder
  2529 | D:3      | Killed Grinder
  2529 | D:3      | Reached skill level 9 in Maces & Flails
  2529 | D:3      | Reached XP level 6. HP: 55/62 MP: 6/6
  2713 | D:3      | Noticed Purgy
  2723 | D:3      | Killed Purgy
  2723 | D:3      | Reached skill level 10 in Maces & Flails
  2723 | D:3      | Reached XP level 7. HP: 70/70 MP: 7/7
  2818 | D:3      | Noticed Robin
  2832 | D:3      | Reached *** piety under Trog
  2868 | D:3      | Killed Robin
  2919 | D:3      | Found an iron altar of Okawaru.
  2986 | D:3      | Found a sparkling altar of Nemelex Xobeh.
  3338 | D:4      | Reached skill level 11 in Maces & Flails
  3727 | D:4      | Reached **** piety under Trog
  3738 | D:4      | Found a shimmering altar of Xom.
  3761 | D:4      | Reached XP level 8. HP: 78/78 MP: 8/8
  3909 | D:4      | Reached skill level 12 in Maces & Flails
  4184 | D:5      | Entered Level 5 of the Dungeon
  4315 | D:5      | Found Roucuku's Armour Shop.
  4343 | D:5      | Found a basalt altar of Yredelemnul.
  4363 | D:5      | Reached skill level 1 in Armour
  4440 | D:5      | Found Teyl's General Store.
  4449 | D:5      | Bought a scroll of identify for 20 gold pieces
  4467 | D:5      | Noticed Menkaure
  4478 | D:5      | Killed Menkaure
  4484 | D:5      | Reached skill level 13 in Maces & Flails
  4590 | D:5      | Found Nankofid's Magic Scroll Boutique.
  4603 | D:5      | Bought 2 scrolls of identify for 52 gold pieces
  4603 | D:5      | Bought a scroll of random uselessness for 13 gold pieces
  4603 | D:5      | Bought a scroll of enchant armour for 97 gold pieces
  4715 | D:5      | Noticed Prince Ribbit
  4737 | D:5      | Killed Prince Ribbit
  4773 | D:5      | Found Xuppadgh's General Store.
  4776 | D:5      | Reached XP level 9. HP: 84/84 MP: 9/9
  4781 | D:5      | Bought a scroll of identify for 20 gold pieces
  4974 | D:5      | Found Desh's Armour Boutique.
  5234 | D:6      | Found a staircase to the Ecumenical Temple.
  5294 | D:6      | Reached skill level 14 in Maces & Flails
  5448 | D:6      | Found a blossoming altar of Fedhas.
  5541 | D:6      | HP: 1/84 [scorpion (6)]
  5726 | D:6      | Found a bloodstained altar of Trog.
  6289 | D:7      | Reached skill level 15 in Maces & Flails
  6394 | D:7      | Reached ***** piety under Trog
  6764 | D:7      | Found a glowing golden altar of the Shining One.
  7131 | D:8      | Found a deep blue altar of Sif Muna.
  7286 | D:8      | Found a sparkling altar of Nemelex Xobeh.
  7321 | D:8      | Reached XP level 10. HP: 91/92 MP: 10/10
  7339 | D:8      | Identified a scroll of acquirement
  7378 | D:8      | Reached skill level 16 in Maces & Flails
  7849 | D:9      | Found a white marble altar of Elyvilon.
  7849 | D:9      | Found a shattered altar of Ashenzari.
  8235 | D:9      | Found a shadowy altar of Dithmenos.
  8772 | D:10     | Entered Level 10 of the Dungeon
  8815 | D:9      | HP: 3/92 [giant frog (7)]
  8816 | D:9      | Slain by a scorpion

Skill      XL: |  1  2  3  4  5  6  7  8  9 10 |
---------------+-------------------------------+-----
Maces & Flails | 5 6 7 9 10 11 13 15 16 | 16.6
Armour         | 2 4 |  4.8
Fighting       | |  4.0
Dodging        | |  2.6

Action                   |  1- 3 |  4- 6 |  7- 9 | 10-12 || total
-------------------------+-------+-------+-------+-------++-------
Melee: Mace              |    62 |     1 |       |       ||    63
       Flail             |       |   141 |   124 |       ||   265
       Morningstar       |       |       |   343 |   152 ||   495
Invok: Berserk           |     1 |     2 |     3 |       ||     6
       Trog's Hand       |       |     1 |     2 |       ||     3
       Brothers in Arms  |       |       |       |     3 ||     3
  Use: Scroll            |       |       |    10 |     1 ||    11
       Potion            |       |       |     3 |       ||     3
 Stab: Sleeping          |       |     1 |       |       ||     1
  Eat: Chunk             |       |    22 |    18 |     6 ||    46
Armor: Animal skin       |    14 |    29 |       |       ||    43
       Troll leather arm |       |       |   114 |    42 ||   156
Dodge: Dodged            |    41 |    84 |   184 |    56 ||   365
